AoeStats
← VIT Liereyy

Arabian Desert

509315705Analyzed
1v1 RM · 5d ago on Sep 26, 2026· 26m 14s· 2 players
Game mode
Random Map
Map size
Tiny (2 player)
Population
200
Speed
Normal
Resources
Standard
Victory
Conquest
Starting age
Dark Age
Ending age
Imperial Age
RankedLock teamsTeams togetherTeam positionsShared explorationLock speedFull tech treeHidden civsTurbo modeCheats
Victory
Defeat
🇦🇹 Burmese · Austria
2973
+1
🇨🇳 Persians · China
2166
-1
_DY_孟川
2:12 Loom
10:34 Feudal Age
11:04 Man-at-Arms
15:46 Fletching
20:09 Double-Bit Axe
25:40 Castle Age
24:15 Padded Archer Armor
25:28 Elite Skirmisher
26:04 Bodkin Arrow
VIT Liereyy
6:39 Loom
9:42 Feudal Age
9:49 Man-at-Arms
10:58 Arson
15:30 Fletching
23:13 Castle Age
21:32 Horse Collar
22:26 Scale Barding Armor
23:25 Bloodlines
23:14 Crossbowman
23:51 Bodkin Arrow
26:37 Chain Barding Armor
Connection lost

Rejoining the realm…

Still unreachable

The connection could not be restored.

Session expired

The server has moved on; the page needs a fresh start.